 Dungeon Crawl Stone Soup version 0.31-a0-233-g139696dc86 (webtiles) character file.

Game seed: 11437373694398239121

200 qw the Shooter (level 5, -5/31 HPs)
             Began as a Gargoyle Hexslinger on July 7, 2023.
             Slain by a black bear (8 damage)
             ... on level 3 of the Dungeon.
             The game lasted 00:00:55 (1998 turns).

qw the Shooter (Gargoyle Hexslinger)                Turns: 1998, Time: 00:00:56

Health: -5/31      AC:  9    Str: 11    XL:     5   Next: 78%
Magic:  6/6        EV: 10    Int: 14    God:
Gold:   77         SH:  0    Dex: 14    Spells: 5/6 levels left

rFire   . . .        Y - +2 sling
rCold   . . .        (no shield)
rNeg    + . .        f - +0 ring mail
rPois   inf          (no helmet)
rElec   +            (no cloak)
rCorr   .            (no gloves)
SInv    .            (no boots)
Will    .....        (no amulet)
Stlth   +            (no ring)
HPRegen 0.25/turn    (no ring)
MPRegen 0.10/turn

%: no passive effects
@: no status effects
A: sickness immunity, AC +4, negative energy resistance 1, electricity
resistance, torment resistance 1, petrification resistance
a: no special abilities


You were on level 3 of the Dungeon.
You visited 1 branch of the dungeon, and saw 3 of its levels.

You collected 137 gold pieces.
You spent 60 gold pieces at shops.


Innate Abilities, Weirdness & Mutations

You are immune to sickness and miasma.
Your stone body is resilient. (AC +4)
You are immune to poison.
You resist negative energy. (rN+)
You are resistant to electric shocks. (rElec)
You are resistant to unholy torment.
You are immune to petrification.


   Skills:
 + Level 2.5 Fighting
 - Level 5.1 Ranged Weapons
 - Level 1.2 Armour
 - Level 1.5 Dodging
 - Level 1.0 Spellcasting
 - Level 2.6 Hexes


You had 5 spell levels left.
You knew the following spells:

 Your Spells              Type           Power      Damage    Failure   Level
a - Slow                  Hex            32%        N/A       21%         1

Your spell library contained the following spells:

 Spells                   Type           Power      Damage    Failure   Level
 Inner Flame              Hex/Fire       4%         N/A       71%         3
 Portal Projectile        Hex/Tloc       8%         N/A       71%         3
 Cause Fear               Hex            4%         N/A       90%         4

Inventory:

Hand Weapons
 Y - a +2 sling (weapon)
Armour
 f - a +0 ring mail (worn)
Scrolls
 a - 2 scrolls of identify
 b - a scroll of silence {unknown}
Potions
 e - a potion of might
 h - 2 potions of brilliance {unknown}
 l - a potion of heal wounds

Dungeon Overview and Level Annotations

Branches:
Dungeon (3/15)

Altars:

Shops:
D:3 !

Annotations:
D:3 1 runed translucent door, qw's ghost, weakling GrHs


Message History

Enter note:
Enter note:
Enter note:
Enter note:
Enter note:
Enter note:
Enter note:
Enter note: You shoot a sling bullet.
The sling bullet hits the black bear.
The black bear is severely wounded.
The black bear bites you but does no damage.
The black bear completely misses you. The black bear closely misses you. x2
The black bear claws you but does no damage.
The black bear barely misses you.
You shoot a sling bullet.
The sling bullet completely misses the black bear.
The black bear bites you but does no damage.
The black bear claws you. The black bear closely misses you.
You shoot a sling bullet. The sling bullet hits the black bear.
The black bear is severely wounded.
The black bear goes berserk!
You shoot a sling bullet. The sling bullet hits the black bear.
The black bear is almost dead.
The black bear bites you!
The black bear claws you but does no damage.
The black bear claws you. The black bear closely misses you.
The black bear claws you but does no damage.
The black bear misses you.
You shoot a sling bullet.
The sling bullet hits the black bear but does no damage.
The black bear is severely wounded.
The black bear bites you! The black bear closely misses you.
The black bear claws you but does no damage.
The black bear barely misses you. x2
The black bear claws you but does no damage.
You shoot a sling bullet. The sling bullet hits the black bear.
The black bear is almost dead.
The black bear closely misses you. The black bear claws you. x2
The black bear bites you!
You die...

...........#### ###...
..........# ###....
#<.......# #......
##...#..###### ##.##...
#(...#.#.....# ##.......
#...#..#.....# ###....#...
##......#.....# #....###...
##...#########.# #.##.###...
#
#....#....h@.#.######.....[<
#
##....#+##.#..#...#....###...
#####.....# # ##.#.#.....##
#... ##........#
#..#....#.########
##........# ##.#....#.#
#..... ..[.......# #%#....#~#
####.. ##........# #.#...##~#
##.
..........#######)##.###~# ##
..........#........#.# #.#


You could see a black bear (berserk).

Vanquished Creatures
  Terence (D:3)
  An orc wizard (D:3)
  4 gnolls (D:3)
  4 adders
  A worm (D:2)
  7 orcs (D:3)
  8 ball pythons
  5 endoplasms
  8 goblins
  10 hobgoblins
  4 jackals (D:2)
  A quokka (D:3)
  4 bats
  3 frilled lizards
  2 kobolds
  3 rats
66 creatures vanquished.

Vanquished Creatures (others)
  A rat (D:3)
1 creature vanquished.

Grand Total: 67 creatures vanquished

Notes
Turn   | Place    | Note
-------+----------+-------------------------------------------
     0 | D:1      | qw the Gargoyle Hexslinger began the quest for the Orb.
     0 | D:1      | Reached XP level 1. HP: 12/12 MP: 2/2
     0 | D:1      | 0 ||| qw: Version: 0.3-a-46-gb1f654a
     0 | D:1      | 0 ||| qw: Game counter: 3182
     0 | D:1      | 0 ||| qw: Melee chars always use a shield: true
     0 | D:1      | 0 ||| qw: God list: Okawaru
     0 | D:1      | 0 ||| qw: Allow faded altars: false
     0 | D:1      | 0 ||| qw: Do Orc after clearing Dungeon:15 true
     0 | D:1      | 0 ||| qw: Do second Lair branch before Depths: true
     0 | D:1      | 0 ||| qw: Lair rune preference: random
     0 | D:1      | 0 ||| qw: Goals: Normal
     0 | D:1      | 0 ||| PLANNING D:1-11
   120 | D:1      | Reached XP level 2. HP: 13/16 MP: 3/3
   211 | D:1      | Reached skill level 3 in Ranged Weapons
   688 | D:1      | 688 ||| UPGRADING to +0 ring mail.
   698 | D:1      | 698 ||| DROPPING +0 robe.
   699 | D:1      | 699 ||| READING scroll labelled ITAMAS IDAA.
   700 | D:1      | 700 ||| READING scroll labelled SONYV MULU.
   701 | D:1      | 701 ||| READING scroll labelled KEONTA TASANGE.
   702 | D:1      | 702 ||| READING scroll labelled ZIROTZ FAWNUG.
   703 | D:1      | 703 ||| READING scroll labelled KAECHEPN MAUNO.
   706 | D:1      | 706 ||| DRINKING 2 fizzy coppery potions.
   710 | D:1      | 710 ||| DROPPING scroll of poison.
   711 | D:1      | 711 ||| DROPPING potion of ambrosia.
   794 | D:2      | Reached XP level 3. HP: 21/21 MP: 4/4
   984 | D:2      | Reached XP level 4. HP: 24/26 MP: 5/5
  1059 | D:2      | Reached skill level 4 in Ranged Weapons
  1081 | D:2      | Identified the +9 spear of Buoliz {venom, Int+5}
  1446 | D:2      | 1446 ||| READING scroll labelled AVUILLO USITAC.
  1447 | D:2      | 1447 ||| READING scroll labelled LUATIG COBO ATROQO.
  1448 | D:2      | 1448 ||| DRINKING 2 puce potions.
  1477 | D:3      | Noticed qw's ghost (weakling GrHs)
  1477 | D:3      | Found a runed translucent door.
  1510 | D:3      | Reached skill level 1 in Armour
  1524 | D:3      | Found Lebrogg's Distillery.
  1532 | D:3      | 1532 ||| BUYING potion of heal wounds (60 gold).
  1532 | D:3      | Bought a potion of heal wounds for 60 gold pieces
  1532 | D:3      | 1532 ||| SHOPLISTING potion of might (48 gold, have 16).
  1563 | D:3      | Noticed Terence
  1579 | D:3      | Killed Terence
  1584 | D:3      | Reached XP level 5. HP: 16/30 MP: 6/6
  1681 | D:3      | 1681 ||| Stepping ~*~*~tactically~*~*~ (outnumbered).
  1684 | D:3      | 1684 ||| Stepping ~*~*~tactically~*~*~ (outnumbered).
  1732 | D:3      | Reached skill level 5 in Ranged Weapons
  1814 | D:3      | Noticed a black bear
  1831 | D:3      | HP: 6/31 [black bear (4)]
  1832 | D:3      | 1832 ||| READING scroll of teleportation.
  1832 | D:3      | HP: 2/31 [black bear (4)]
  1833 | D:3      | 1833 ||| DRINKING 2 potions of heal wounds.
  1998 | D:3      | HP: 3/31 [black bear (6)]
  1998 | D:3      | Slain by a black bear

Levels and vault maps discovered:
D:1:      onia_arrival_pyramid, layout_loops_ring
D:2:      layout_basic, minmay_misc_feat_doors, minivault_11,
          minmay_misc_feat_hallway
D:3:      minmay_wonky_spiral, layout_rooms, elyvilon_altar_4,
          gammafunk_ghost_grave, serial_shops, shop_statue,
          corexii_corridor_pit, uniq_terence

Skill      XL: |  1  2  3  4  5 |
---------------+----------------+-----
Ranged Weapons | 3 4 5 |  5.1
Fighting       | 2 |  2.5
Armour         | 1 |  1.2
Dodging        | |  1.5
Spellcasting   | |  1.0
Hexes          | |  2.6

Action                     |  1- 3 |  4- 6 || total
---------------------------+-------+-------++-------
   Fire: Sling             |   105 |   135 ||   240
    Use: Scroll            |     5 |     3 ||     8
         Potion            |     1 |     2 ||     3
 Armour: Robe              |     9 |       ||     9
         Ring mail         |    11 |    58 ||    69
  Dodge: Dodged            |    23 |    86 ||   109

Table legend:
 A = Non-vault XP
 B = Vault XP
 C = Vault XP percentage of total XP
 D = Non-vault monster count
 E = Vault monster count
 F = Vault count percentage of total count
                 A         B        C        D         E       F
            +---------+---------+-------+---------+---------+-------
      Total |     233 |      53 |  18.5 |      62 |       4 |   6.1
            +---------+---------+-------+---------+---------+-------
        D:1 |      30 |       0 |   0.0 |      18 |       0 |   0.0
        D:2 |      74 |       0 |   0.0 |      20 |       0 |   0.0
        D:3 |     129 |      53 |  29.1 |      24 |       4 |  14.3
            +---------+---------+-------+---------+---------+-------
